Map: Dusk Towers

Players

jjakji

  • Race: Terran Terran
  • League: Grandmaster

SHODAN - Winner!

  • Race: Terran Terran
  • League: Master

VOD

Have the link to the VOD?

Description

Time

  • Played on: May 16, 2016, 3:37 a.m.
  • Length: 15:22
Show
View Real Time Build Order
Export as new Build Order

jjakji Terran 

Build Orders: Reaper Expand, MMM Bio 

Get SALT Encoding   

  12  0:02  SCV  
  13  0:15  SCV  
  13  0:19  Supply Depot  
  14  0:27  SCV  
  15  0:41  Barracks, SCV  
  16  0:45  Refinery  
  16  0:53  SCV  
  17  1:05  SCV  
  18  1:17  SCV  
  19  1:29  Reaper, Orbital Command  
  20  1:45  Command Center  
  19  1:55  Supply Depot  
  19  1:58  SCV  
  19  2:01  Reaper  
  21  2:08  Refinery  
  21  2:10  SCV  
  22  2:24  Factory  
  22  2:25  SCV  
  23  2:37  SCV  
  24  2:38  Barracks Reactor  
  24  2:49  SCV  
  25  2:59  Orbital Command  
  25  3:01  SCV  
  26  3:08  Starport, Factory Tech Lab  
  26  3:18  Command Center  
  26  3:20  SCV  
  27  3:28  Cyclone  
  27  3:33  SCV  
  31  3:35  Marine x2  
  34  3:41  SCV  
  34  3:45  SCV  
  35  3:53  Marine x2  
  37  3:58  SCV x2  
  37  4:01  Supply Depot  
  39  4:05  Cyclone  
  42  4:10  SCV  
  42  4:11  Marine  
  42  4:13  Supply Depot, Marine  
  45  4:17  SCV  
  45  4:23  Medivac  
  48  4:28  Marine  
  48  4:30  SCV  
  50  4:31  Marine  
  50  4:35  Orbital Command  
  50  4:36  SCV  
  52  4:42  SCV  
  53  4:47  Barracks  
  53  4:49  Barracks  
  53  4:51  Factory Tech Lab  
  53  4:57  Marine  
  53  4:58  Starport Reactor, Marine  
  55  5:01  SCV x2  
  55  5:06  Refinery  
  57  5:07  SCV  
  57  5:08  Refinery  
  58  5:15  SCV x2  
  58  5:18  Supply Depot  
  58  5:19  SCV  
  58  5:20  Marine x2  
  63  5:28  Engineering Bay  
  63  5:30  Engineering Bay  
  63  5:31  SCV  
  63  5:34  Stimpack  
  64  5:40  Medivac x2  
  67  5:50  Marine x3  
  67  5:51  Marine  
  67  5:52  Combat Shields  
  67  5:57  Orbital Command  
  71  5:58  SCV  
  71  5:59  SCV  
  71  6:03  Supply Depot  
  71  6:04  Terran Infantry Weapons Level 1, Terran Infantry Armor Level 1  
  73  6:08  Marine  
  74  6:15  Barracks  
  74  6:17  Barracks  
  72  6:22  SCV  
  60  6:27  SCV  
  60  6:31  SCV  
  58  6:34  SCV  
  58  6:35  Marine  
  58  6:39  Marine  
  61  6:41  SCV  
  61  6:43  SCV  
  61  6:44  Marine  
  64  6:48  Medivac  
  64  6:51  Medivac  
  68  6:55  SCV  
  68  6:56  SCV  
  68  6:57  SCV  
  71  7:05  Armory  
  71  7:06  Barracks Tech Lab x2  
  71  7:07  SCV  
  72  7:12  SCV  
  72  7:14  Marauder  
  62  7:25  Marine x2  
  62  7:28  Marine  
  62  7:29  Marauder x2  
  62  7:34  Marine  
  62  7:41  SCV  
  62  7:43  Medivac x2, Marine x2  
  69  7:45  Concussive Shells  
  69  7:46  Marine  
  69  7:48  SCV  
  69  7:49  SCV  
  69  7:50  Marauder  
  74  7:53  Missile Turret, SCV, Marine x2  
  74  7:55  Missile Turret  
  77  7:58  Refinery  
  77  8:00  SCV, Marine  
  77  8:01  Marine  
  77  8:03  SCV  
  77  8:04  Marauder  
  83  8:06  Terran Infantry Weapons Level 2  
  83  8:11  Marauder  
  85  8:16  Marine  
  85  8:18  Marine x2  
  88  8:21  SCV x2  
  88  8:23  Terran Infantry Armor Level 2  
  88  8:24  Marine  
  88  8:25  Marine  
  88  8:27  SCV  
  93  8:32  Supply Depot  
  93  8:34  Supply Depot  
  93  8:46  Supply Depot, Marine  
  93  8:47  Supply Depot  
  93  8:53  SCV x3, Marine x3  
  93  8:54  Marauder  
  101  8:56  Medivac, Marauder  
  92  9:04  Marine  
  91  9:11  Marauder, Marine  
  91  9:14  Marine  
  91  9:15  Marauder  
  97  9:18  Marauder  
  97  9:21  Marine  
  95  9:25  Medivac  
  95  9:29  Marine  
  96  9:32  Marine  
  96  9:33  Marauder  
  96  9:36  Marauder  
  96  9:38  Orbital Command, Marine  
  99  9:40  Marauder  
  99  9:45  Medivac  
  89  9:46  Marine  
  89  9:48  SCV  
  89  9:52  SCV  
  77  9:54  Marauder  
  77  9:57  Marauder  
  80  10:00  SCV  
  80  10:04  SCV  
  82  10:10  SCV  
  82  10:12  SCV  
  84  10:16  SCV, Marine x2  
  84  10:19  Marine x2  
  84  10:20  Marauder  
  91  10:24  Medivac  
  91  10:25  Medivac  
  95  10:30  Supply Depot  
  95  10:31  Marine  
  95  10:33  Marine  
  95  10:40  Marauder  
  95  10:48  Marauder  
  95  10:49  Marauder  
  85  10:50  Marauder  
  85  10:51  Marine  
  85  10:53  Marine  
  84  11:01  Medivac x2, Marauder  
  90  11:07  SCV x2  
  90  11:09  Marauder, Marine  
  90  11:10  Marauder  
  90  11:11  Marauder, Marine  
  89  11:22  Marine  
  89  11:27  Marine  
  89  11:28  SCV  
  89  11:29  Marine  
  89  11:30  Marine  
  89  11:31  Medivac, Marauder  
  89  11:32  Marauder  
  101  11:35  Factory Tech Lab  
  100  11:40  Marine  
  100  11:43  Liberator x2  
  100  11:45  Marine  
  100  11:53  Marine  
  100  11:54  Marauder x2  
  88  11:55  Siege Tank, Marauder  
  88  11:58  Marine  
  98  12:02  Marine  
  97  12:11  Marine  
  98  12:17  Marauder  
  100  12:25  Marauder, Marine  
  100  12:27  Siege Tank  
  100  12:28  Marine x2  
  108  12:32  SCV  
  108  12:38  SCV  
  108  12:40  Orbital Command  
  108  12:42  Marauder  
  108  12:43  Liberator  
  109  12:50  Marine  
  104  12:58  SCV x2  
  109  13:06  SCV  
  110  13:13  SCV x2, Marine  
  110  13:14  Marauder  
  115  13:28  Marine  
  115  13:31  Supply Depot  
  115  13:33  Liberator  
  120  13:34  Marauder x3  
  120  13:39  Marauder  
  124  13:45  Marine  
  114  13:56  Marauder x3  
  116  14:04  Marauder  
  118  14:15  Siege Tank  
  120  14:19  Marine  
  120  14:20  Marine x2  
  120  14:21  Marine  
  121  14:26  Marauder  
  121  14:30  Marauder  
  125  14:36  Marine  
  126  14:41  Marine  
  126  14:42  Marauder  
  123  14:49  Marine  
  123  14:51  Marine  
  123  14:52  Marauder  
  65  15:02  Marine  
  65  15:03  Marine  
Show
View Real Time Build Order
Export as new Build Order

SHODAN Terran - Winner!

Build Orders: Mech 

Get SALT Encoding   

  12  0:00  SCV  
  13  0:13  SCV  
  14  0:17  Supply Depot  
  14  0:25  SCV  
  15  0:39  Barracks, SCV  
  16  0:44  Refinery  
  16  0:51  SCV  
  17  1:03  SCV  
  18  1:15  SCV  
  19  1:26  Marine  
  19  1:27  Orbital Command  
  20  1:44  Command Center  
  21  1:47  Reaper  
  21  1:54  SCV  
  21  1:59  Supply Depot  
  22  2:06  SCV  
  23  2:11  Factory  
  23  2:20  SCV  
  23  2:22  Barracks Reactor  
  23  2:32  SCV  
  24  2:45  SCV  
  24  2:51  Refinery  
  25  2:57  Refinery, Orbital Command  
  25  3:03  Hellion x2  
  29  3:07  Factory  
  29  3:08  SCV  
  30  3:20  SCV  
  30  3:23  Barracks Tech Lab  
  30  3:24  SCV, Hellion x2  
  36  3:32  Supply Depot  
  36  3:33  SCV  
  37  3:40  SCV  
  38  3:45  Armory  
  37  3:55  SCV  
  37  3:56  SCV  
  37  4:02  Infernal Pre-Igniter  
  39  4:05  Starport, Barracks Reactor  
  39  4:09  SCV x2  
  41  4:13  Supply Depot  
  41  4:21  SCV, Hellion  
  41  4:22  SCV  
  45  4:28  Cyclone  
  48  4:32  Hellion  
  48  4:33  SCV  
  48  4:34  SCV  
  48  4:38  Terran Vehicle And Ship Armor Level 1  
  52  4:45  SCV  
  53  4:49  SCV  
  53  4:50  Medivac  
  56  4:53  Hellion  
  56  4:57  SCV, Supply Depot  
  56  4:59  Medivac  
  61  5:01  SCV  
  62  5:10  Supply Depot  
  62  5:14  Supply Depot  
  62  5:18  SCV x2  
  62  5:19  Hellion x2  
  68  5:24  Hellion  
  70  5:31  SCV x2  
  72  5:36  Refinery  
  72  5:40  Hellion x2  
  75  5:43  SCV x2  
  75  5:46  Hellion  
  77  5:57  SCV  
  77  6:02  Hellion x2, Refinery  
  82  6:08  Hellion  
  84  6:23  Hellion  
  86  6:32  Hellion  
  82  6:34  Command Center  
  82  6:35  SCV  
  82  6:38  Supply Depot, Terran Vehicle Weapons Level 1  
  82  6:39  Supply Depot  
  79  6:45  Factory x2  
  79  6:48  Siege Tank  
  82  6:57  Medivac, Supply Depot  
  82  6:59  Medivac  
  82  7:01  SCV x2  
  88  7:13  Hellion  
  88  7:14  Hellion  
  69  7:31  Hellion x2  
  69  7:32  Siege Tank  
  72  7:41  Hellion x2  
  72  7:44  SCV  
  72  7:45  SCV  
  72  7:47  Orbital Command  
  74  7:52  Armory  
  74  7:54  Factory Reactor, Factory Tech Lab  
  74  7:59  Refinery  
  74  8:00  SCV x2  
  74  8:02  Hellion, Refinery  
  74  8:03  Hellion  
  80  8:06  Siege Tank  
  80  8:11  Engineering Bay  
  84  8:12  SCV  
  84  8:13  SCV x2  
  86  8:23  Siege Tank  
  86  8:24  Hellion x2  
  93  8:31  Hellion x2  
  93  8:32  Medivac x2  
  101  8:35  Terran Vehicle Weapons Level 2  
  101  8:36  Supply Depot  
  101  8:37  Supply Depot  
  101  8:38  Terran Vehicle And Ship Armor Level 2  
  101  8:42  Hellion  
  88  9:03  Hellion  
  85  9:17  Missile Turret  
  85  9:18  Missile Turret  
  85  9:24  Hellion x5  
  85  9:29  Orbital Command  
  85  9:31  Hellion, Siege Tank x2  
  90  9:32  Hellion x3  
  83  9:48  SCV x2  
  79  9:53  Hellion x4  
  79  9:58  SCV  
  88  10:00  SCV x2  
  88  10:01  Medivac x2  
  88  10:03  Siege Tank  
  93  10:10  SCV  
  93  10:12  SCV x2  
  96  10:15  Siege Tank  
  96  10:16  Hellion x2  
  103  10:22  SCV  
  104  10:31  Medivac x2  
  96  10:48  Siege Tank x2  
  96  10:49  Hellion x3  
  100  10:50  Hellion  
  95  11:01  Medivac  
  97  11:07  SCV x3  
  97  11:10  Hellion  
  97  11:11  Hellion  
  95  11:19  SCV  
  95  11:20  Siege Tank  
  95  11:21  Siege Tank  
  102  11:27  Missile Turret, Hellion x2  
  106  11:33  SCV x2  
  106  11:34  Hellion x2  
  110  11:40  Hellion  
  110  11:42  Hellion, SCV  
  110  11:45  SCV  
  111  11:53  Siege Tank x2  
  114  11:58  Hellion  
  116  12:07  Hellion x2  
  120  12:14  Viking x2  
  124  12:33  Siege Tank  
  125  12:41  Hellion  
  125  12:44  Hellion  
  125  12:46  Hellion  
  125  12:50  Hellion  
  125  12:53  Siege Tank  
  125  13:15  Supply Depot  
  125  13:16  Supply Depot x2  
  125  13:17  Refinery, Supply Depot  
  125  13:24  Command Center  
  125  13:34  Hellion, Supply Depot, Siege Tank x2  
  133  13:36  Viking x2, Hellion x2  
  133  13:37  Hellion  
  140  13:55  Hellion  
  138  14:06  Viking x2, Siege Tank x2  
  144  14:21  Missile Turret  
  144  14:23  Missile Turret  
  144  14:27  Hellion  
  144  14:28  Hellion  
  141  14:36  Viking x2, Hellion  
  141  14:38  Siege Tank x2  
  141  14:51  Hellion x2  
  125  14:57  Hellion  
Tags
 
Add a new tag
Caveats
  • Supply blocks, unpowered buildings, or Contaminate may cause inaccurate times.
  • Supply counts are checked every 10 seconds.